 Dungeon Crawl Stone Soup version 0.20.0-15-g7f486f2 (webtiles) character file.

72 Chiseanne the Magician (level 4, 24/30 HPs)
             Began as a Demonspawn Wizard on June 14, 2017.
             Quit the game on level 2 of the Dungeon.
             The game lasted 00:03:42 (2197 turns).

Chiseanne the Magician (Demonspawn Wizard)          Turns: 2197, Time: 00:03:43

Health: 24/30      AC:  6    Str:  8    XL:     4   Next: 6%
Magic:  3/9        EV: 12    Int: 20    God:
Gold:   72         SH:  0    Dex: 11    Spells: 1/10 levels left

rFire    . . .     SeeInvis .   e - +0 mace
rCold    . . .     Gourm    .   (no shield)
rNeg     . . .     Faith    .   a - +0 robe
rPois    +         Spirit   .   b - +0 hat
rElec    .         Reflect  .   (no cloak)
rCorr    +         Harm     .   (no gloves)
MR       .....                  (no boots)
Stlth    ++........             (no amulet)
Regen    0.1/turn               f - ring of resist corrosion
MPRegen  0.2/turn               p - ring of poison resistance

@: no status effects
A: talons 1, iridescent scales 2
a: no special abilities


You were on level 2 of the Dungeon.
You were not hungry.

You visited 1 branch of the dungeon, and saw 2 of its levels.

You collected 72 gold pieces.

Inventory:

Hand Weapons
 e - a +0 mace (weapon)
Missiles
 h - 89 stones (quivered)
 j - 15 sling bullets
Armour
 a - a +0 robe (worn)
 b - a +0 hat (worn)
Jewellery
 f - a ring of resist corrosion (left hand)
 p - a ring of poison resistance (right hand)
Potions
 c - a potion of ambrosia {unknown}
 k - 3 potions of mutation {unknown}
 m - a potion of curing {unknown}
 n - a potion of resistance {unknown}
Comestibles
 d - a bread ration
 g - 2 meat rations
 l - 9 fruits
 o - a chunk of flesh


   Skills:
 - Level 1.7 Dodging
 - Level 1.7 Stealth
 * Level 3.8 Spellcasting
 * Level 3.0 Conjurations
   Level 1.0 Summonings
 - Level 0.8 Translocations


You had one spell level left.
You knew the following spells:

 Your Spells              Type           Power        Failure   Level  Hunger
a - Magic Dart            Conj           ###.         3%          1    None
b - Blink                 Tloc           N/A          14%         2    ##.....
c - Conjure Flame         Conj/Fire      #.......     22%         3    ###....
d - Mephitic Cloud        Conj/Pois/Air  #.......     26%         3    ###....


Dungeon Overview and Level Annotations

Branches:
Dungeon (2/15)

Altars:

Annotations:
D:2 1 runed door


Innate Abilities, Weirdness & Mutations

You have sharp toenails.
You are mostly covered in iridescent scales. (AC +4)


Message History

Casting: Magic Dart
Confirm with . or Enter, or press ? or * to list all spells.
Aiming: Magic Dart
Press: ? - help, Shift-Dir - straight line, f/p - gnoll
Aim: a gnoll, wielding a flail (heavily wounded)
The magic dart hits the gnoll.
The gnoll is almost dead.
The gnoll throws a stone.
The stone misses you.
Casting: Magic Dart
Confirm with . or Enter, or press ? or * to list all spells.
Aiming: Magic Dart
Press: ? - help, Shift-Dir - straight line, f/p - gnoll
Aim: a gnoll, wielding a flail (almost dead)
The magic dart hits the gnoll.
You kill the gnoll!
Your Conjurations skill increases to level 3!
You have reached level 4!
You feel stronger.
Your demonic ancestry asserts itself...
Your toenails lengthen and sharpen.
Are you sure you want to abandon this character and quit the game? (Confirm with "yes".)

##################
#.................
#.####.####.#.####
#÷# #.# #.#.##..
#.# #.####.#.##.#
#@# #.##.....##.#
#g####.##.....##.#
#.##.............#
#.##.#.##.....####
#.##.#.##.....#
#(##.#†####.#.#
#.##.#....#.#.#
#.)...........#
####.####.#......#


You could see a gnoll.

Vanquished Creatures
  A gnoll (D:2)
  A dart slug (D:2)
  2 leopard geckos
  A ball python (D:2)
  8 bats
  6 giant cockroaches
  8 goblins
  2 hobgoblins (D:1)
  3 jackals (D:1)
  A quokka (D:2)
  3 frilled lizards
  9 kobolds
  9 rats
54 creatures vanquished.

Notes
Turn   | Place    | Note
-------+----------+-------------------------------------------
     0 | D:1      | Chiseanne the Demonspawn Wizard began the quest for the Orb.
     0 | D:1      | Reached XP level 1. HP: 13/13 MP: 4/4
   308 | D:1      | Gained mutation: You are partially covered in iridescent scales. (AC +2) [demonic ancestry]
   308 | D:1      | Reached XP level 2. HP: 19/19 MP: 1/6
   931 | D:1      | Gained mutation: You are mostly covered in iridescent scales. (AC +4) [demonic ancestry]
   931 | D:1      | Reached XP level 3. HP: 24/24 MP: 6/8
  1363 | D:2      | Learned a level 2 spell: Blink
  1367 | D:2      | Learned a level 3 spell: Conjure Flame
  1371 | D:2      | Learned a level 3 spell: Mephitic Cloud
  1506 | D:2      | Found a runed door.
  2191 | D:2      | Gained mutation: You have sharp toenails. [demonic ancestry]
  2191 | D:2      | Reached XP level 4. HP: 24/30 MP: 2/9
  2197 | D:2      | Quit the game

Skill      XL: |  1  2  3 |
---------------+----------+-----
Conjurations   | 2 3 |  3.0
Dodging        | |  1.7
Stealth        | |  1.7
Spellcasting   | |  3.8
Summonings     | |  1.0
Translocations | |  0.8

Action                   |  1- 3 |  4- 6 || total
-------------------------+-------+-------++-------
Melee: Mace              |    30 |       ||    30
 Cast: Magic Dart        |   117 |     1 ||   118
  Use: Scroll            |     5 |       ||     5
  Eat: Chunk             |     4 |       ||     4
Armor: Robe              |    23 |       ||    23
Dodge: Dodged            |    39 |       ||    39
